AoeStats
← KB

Arena

511024676Analyzed
4v4 RM · 7h ago on Oct 3, 2026· 45m 29s· 8 players
Game mode
Random Map
Map size
Large (8 player)
Population
200
Speed
Normal
Resources
Standard
Victory
Conquest
Starting age
Dark Age
Ending age
Imperial Age
RankedLock teamsTeams togetherTeam positionsShared explorationLock speedFull tech treeHidden civsTurbo modeCheats
Victory
Defeat
🇹🇼 Mapuche · Taiwan
1175
+13
🇦🇷 Franks · Argentina
1165
+14
🇹🇼 Khmer · Taiwan
1132
+15
🇷🇺 Mongols · Russia
1095
+17
🇨🇳 Saxons · China
1119
-15
🇨🇳 Poles · China
1117
-15
🇮🇳 Khmer · India
1113
-15
🇦🇷 Khmer · Argentina
1105
-14
YOU B4STARD!
10:56 Feudal Age
15:26 Castle Age
13:49 Double-Bit Axe
15:31 Horse Collar
17:29 Wheelbarrow
20:12 Heavy Plow
21:43 Stone Mining
25:03 Hand Cart
26:01 Gold Mining
29:26 Imperial Age
28:08 Stone Shaft Mining
29:15 Loom
29:15 Town Watch
29:36 Squires
29:21 Arson
29:49 Forging
29:39 Scale Mail Armor
30:42 Conscription
29:43 Elite Obuch
31:16 Iron Casting
32:20 Chain Mail Armor
33:25 Blast Furnace
33:29 Chemistry
34:10 Ballistics
33:58 Siege Engineers
34:33 Plate Mail Armor
IGBBMN
10:59 Feudal Age
16:24 Castle Age
14:19 Horse Collar
16:04 Double-Bit Axe
21:11 Gold Mining
22:39 Bow Saw
23:00 Scale Barding Armor
23:06 Forging
24:46 Husbandry
24:12 Light Cavalry
25:02 Bloodlines
25:31 Heavy Plow
30:06 Imperial Age
29:35 Chain Barding Armor
30:38 Loom
31:29 Wheelbarrow
32:11 Siege Engineers
31:49 Hussar
33:07 Plate Barding Armor
33:08 Iron Casting
32:45 Heavy Scorpion
34:13 Ballistics
34:28 Conscription
38:55 Blast Furnace
41:08 Double Crossbow
kailashsaravanaraj
10:17 Feudal Age
14:32 Castle Age
12:41 Double-Bit Axe
16:54 Bow Saw
21:42 Wheelbarrow
21:45 Horse Collar
22:38 Hand Cart
23:57 Heavy Plow
23:50 Gold Mining
24:18 Stone Mining
25:06 Gold Shaft Mining
26:00 Stone Shaft Mining
29:12 Imperial Age
28:21 Loom
28:22 Town Watch
29:18 Town Patrol
30:03 Forging
29:58 Scale Barding Armor
30:20 Husbandry
30:31 Bloodlines
30:01 Heavy Scorpion
31:36 Iron Casting
31:21 Chain Barding Armor
31:27 Siege Engineers
31:23 Elite Battle Elephant
34:57 Blast Furnace
34:35 Plate Barding Armor
38:49 Double Crossbow
40:42 Conscription
MyGO.Soyo
11:35 Feudal Age
13:13 Double-Bit Axe
14:23 Wheelbarrow
16:29 Castle Age
14:27 Horse Collar
16:26 Forging
16:48 Scale Mail Armor
18:00 Bow Saw
17:51 Heavy Plow
18:02 Loom
27:02 Hand Cart
31:00 Imperial Age
28:53 Ballistics
28:13 Treadmill Crane
28:06 Crossbowman
29:04 Gold Mining
29:38 Fletching
29:48 Padded Archer Armor
29:32 Pikeman
30:00 Gambesons
30:48 Thumb Ring
31:11 Bodkin Arrow
31:57 Gold Shaft Mining
31:13 Stone Mining
31:37 Squires
31:22 Arson
32:33 Conscription
32:31 Chain Mail Armor
31:51 Elite Skirmisher
33:40 Iron Casting
32:56 Halberdier
35:05 Plate Mail Armor
34:38 Shield Wall
35:54 Fortified Wall
37:45 Elite Varangian Guard
39:24 Leather Archer Armor
39:09 Bracer
41:41 Onager
YanYan
9:37 Feudal Age
13:16 Castle Age
11:18 Double-Bit Axe
21:30 Loom
22:24 Wheelbarrow
24:59 Loom
25:19 Gold Mining
28:19 Imperial Age
26:02 Forging
25:57 Scale Barding Armor
25:56 Loom
26:27 Hand Cart
26:23 Bow Saw
27:12 Gold Shaft Mining
27:22 Iron Casting
28:17 Chain Barding Armor
28:01 Stone Mining
28:23 Husbandry
28:24 Cavalier
29:25 Conscription
29:06 Chivalry
30:08 Blast Furnace
29:40 Paladin
31:02 Plate Barding Armor
31:20 Town Watch
32:47 Light Cavalry
36:00 Fletching
37:57 Bodkin Arrow
38:27 Ballistics
KB
10:01 Feudal Age
12:57 Castle Age
27:56 Imperial Age
28:16 Wheelbarrow
27:55 Double-Bit Axe
29:55 Ballistics
30:36 Chemistry
30:00 Conscription
29:44 Double Crossbow
29:36 Loom
30:08 Heavy Scorpion
32:26 Conscription
38:52 Capped Ram
41:12 Siege Ram
45:17 Bow Saw
PuTao
10:23 Feudal Age
11:39 Double-Bit Axe
14:27 Castle Age
12:14 Horse Collar
29:54 Imperial Age
27:11 Loom
28:06 Wheelbarrow
27:45 Fletching
27:56 Padded Archer Armor
28:17 Bow Saw
28:26 Bodkin Arrow
29:13 Ballistics
29:52 Leather Archer Armor
29:54 Bloodlines
29:44 Husbandry
29:51 Gold Mining
29:51 Stone Mining
30:59 Conscription
30:00 Elite Mangudai
31:48 Chemistry
31:23 Thumb Ring
31:43 Parthian Tactics
31:45 Bracer
31:55 Murder Holes
32:52 Hoardings
32:35 Heavy Plow
37:21 Light Cavalry
38:13 Hussar
42:37 Forging
42:32 Scale Barding Armor
獨居老毛
11:19 Feudal Age
15:19 Castle Age
13:07 Double-Bit Axe
14:50 Horse Collar
19:40 Bow Saw
24:31 Wheelbarrow
30:09 Imperial Age
28:13 Hand Cart
28:03 Heavy Plow
27:29 Pikeman
27:31 Elite Skirmisher
28:52 Stone Mining
28:53 Gold Mining
29:08 Scale Mail Armor
29:47 Forging
31:15 Iron Casting
30:55 Chain Mail Armor
30:11 Halberdier
31:28 Crop Rotation
31:29 Loom
31:34 Onager
33:08 Butalmapu
34:35 Blast Furnace
34:17 Plate Mail Armor
34:47 Conscription
35:05 Fletching
35:18 Padded Archer Armor
35:44 Malon
37:16 Chemistry
35:57 Treadmill Crane
36:38 Ballistics
37:02 Bodkin Arrow
37:23 Leather Archer Armor
39:12 Plate Mail Armor
39:12 Ring Archer Armor
Connection lost

Rejoining the realm…

Still unreachable

The connection could not be restored.

Session expired

The server has moved on; the page needs a fresh start.